AoeStats
← HydroAoE

Yucatan

503367943Analyzed
2v2 RM · 1mo ago on Aug 31, 2026· 47m 36s· 4 players
Game mode
Random Map
Map size
Medium (4 player)
Population
200
Speed
Normal
Resources
Standard
Victory
Conquest
Starting age
Dark Age
Ending age
Imperial Age
RankedLock teamsTeams togetherTeam positionsShared explorationLock speedFull tech treeHidden civsTurbo modeCheats
Victory
Defeat
1054
+12
🇪🇸 Portuguese · Spain
965
+16
🇩🇪 Khmer · Germany
972
-14
🇩🇪 Mongols · Germany
950
-13
TurboAoE
7:58 Loom
10:49 Feudal Age
16:29 Castle Age
19:23 Pikeman
22:28 Horse Collar
27:59 Husbandry
32:02 Double-Bit Axe
32:20 Heavy Plow
32:57 Wheelbarrow
35:58 Tusk Swords
36:54 Hand Cart
HydroAoE
4:59 Loom
13:09 Feudal Age
14:02 Double-Bit Axe
17:51 Castle Age
16:01 Horse Collar
16:42 Fletching
17:57 Stone Mining
22:33 Scale Barding Armor
24:01 Padded Archer Armor
25:47 Bodkin Arrow
26:09 Elite Skirmisher
39:04 Heavy Plow
pompo_
11:53 Feudal Age
16:19 Castle Age
14:44 Forging
14:48 Double-Bit Axe
15:12 Scale Barding Armor
16:50 Wheelbarrow
22:25 Horse Collar
23:14 Fletching
26:09 Bodkin Arrow
27:58 Bow Saw
28:05 Hand Cart
27:36 Loom
29:32 Pikeman
32:28 Scale Mail Armor
37:06 Imperial Age
37:55 Elite Skirmisher
38:00 Halberdier
42:25 Iron Casting
42:06 Chain Mail Armor
꧁༺乡 SC∆R 乡 ༻꧂
0:30 Loom
10:55 Feudal Age
15:11 Double-Bit Axe
18:24 Castle Age
16:38 Gold Mining
17:16 Fletching
17:56 Padded Archer Armor
18:38 Crossbowman
21:44 Bodkin Arrow
32:40 Ballistics
39:39 Imperial Age
36:56 Town Watch
39:04 Stone Mining
39:38 Leather Archer Armor
40:43 Wheelbarrow
41:50 Conscription
42:44 Chemistry
42:59 Bracer
43:29 Ring Archer Armor
44:28 Scale Mail Armor
44:38 Forging
45:20 Holcans
45:07 Elite Plumed Archer
45:34 Eagle Warrior
46:15 Squires
46:00 Arson
46:52 Iron Casting
46:32 Chain Mail Armor
46:24 Hul'che Javelineers
48:35 Blast Furnace
Connection lost

Rejoining the realm…

Still unreachable

The connection could not be restored.

Session expired

The server has moved on; the page needs a fresh start.